[Event "Titled Tuesday Blitz May 23 Early 2023"]
[White "Fernandez Guillen, Ernesto J."]
[Black "Senft, Sean"]
[WhiteFideId "3512428"]
[BlackFideId "2044960"]
[WhiteElo "2429"]
[BlackElo "1989"]
[Result "1-0"]
[Round "01"]
[TimeControl "180+2"]
[Date "2023.05.23"]
[WhiteClock "0:00:44"]
[BlackClock "0:00:15"]

1. e4 c5 2. Nf3 d6 3. d4 cxd4 4. Nxd4 Nf6 5. Nc3 a6 6. Bc4 e6 7. Bb3 Nbd7 8. Bg5 Be7 9. f4 Qc7 10. Bxe6 fxe6 11. Nxe6 Qb6 12. Nxg7+ Kf7 13. Nf5 Qxb2 14. Nd5 Bd8 15. Nxd6+ Kf8 16. O-O h6 17. Rb1 Qa3 18. Nxc8 Nxd5 19. Qxd5 Rxc8 20. Qxd7 Qc5+ 21. Kh1 Bb6 22. Rxb6 Qxb6 23. Qxc8+ Kg7 24. Qd7+ Kg6 25. Be7 Qb5 26. Qe6+ Kh5 27. g4# 1-0


[Site "https://www.chess.com"]

[Event "Titled Tuesday Blitz May 23 Early 2023"]
[White "KorolDimitriy75"]
[Black "Schmakel, Sam"]
[BlackFideId "2039311"]
[WhiteElo "2432"]
[BlackElo "2356"]
[Result "1-0"]
[Round "01"]
[TimeControl "180+2"]
[Date "2023.05.23"]
[WhiteClock "0:00:04"]
[BlackClock "0:00:18"]

1. d4 d5 2. c4 e6 3. Nc3 Nf6 4. Bg5 dxc4 5. e4 h6 6. Bxf6 Qxf6 7. Bxc4 a6 8. Nf3 b5 9. Bb3 Bb7 10. Qe2 Nd7 11. O-O c5 12. Rad1 cxd4 13. Nxd4 Bc5 14. Ndxb5 axb5 15. Qxb5 Bc8 16. Rxd7 Bxd7 17. Qxc5 Qe7 18. Qxe7+ Kxe7 19. f3 g5 20. Kf2 h5 21. Ke3 Bc6 22. Rd1 h4 23. Bc4 Rhc8 24. b3 Rd8 25. Rxd8 Kxd8 26. Kd4 Ke7 27. Kc5 Kd7 28. a4 Rc8 29. Kb6 Rb8+ 30. Kc5 Rc8 31. Kb6 f5 32. exf5 exf5 33. a5 g4 34. fxg4 fxg4 35. g3 Kd6 36. a6 Rb8+ 37. Ka5 hxg3 38. hxg3 Rf8 39. Nb5+ Kd7 40. Nd4 Kc7 41. Ne6+ Kd6 42. Nxf8 Ke7 43. Ng6+ Kd6 44. Nf4 Kc7 45. b4 Bf3 46. b5 1-0


[Site "https://www.chess.com"]

[Event "Titled Tuesday Blitz May 23 Early 2023"]
[White "Seo, Jung Min"]
[Black "Khromkin, Andrey"]
[WhiteFideId "1734687"]
[BlackFideId "4154126"]
[WhiteElo "2468"]
[BlackElo "2429"]
[Result "1-0"]
[Round "01"]
[TimeControl "180+2"]
[Date "2023.05.23"]
[WhiteClock "0:01:01"]
[BlackClock "0:00:00"]

1. b4 e5 2. Bb2 Bxb4 3. Bxe5 Nf6 4. Nf3 Nc6 5. Bb2 d5 6. e3 O-O 7. Be2 Re8 8. O-O Bf5 9. c4 dxc4 10. Bxc4 Bd3 11. Bxd3 Qxd3 12. Bxf6 gxf6 13. a3 Ba5 14. Ra2 Rad8 15. Qc1 Ne5 16. Ne1 Qg6 17. d4 Bxe1 18. dxe5 Ba5 19. exf6 Qxf6 20. Rc2 c6 21. Nc3 Bxc3 22. Rxc3 Rd5 23. Rc4 Red8 24. g3 Qf3 25. Rf4 Qe2 26. Kg2 Rd1 27. Rxd1 Rxd1 28. Qc5 Qf1+ 29. Kf3 Qh1+ 30. Kg4 Rd5 31. Qe7 Qd1+ 32. f3 f5+ 33. Kg5 Qa1 34. Qxb7 1-0


[Site "https://www.chess.com"]

[Event "Titled Tuesday Blitz May 23 Early 2023"]
[White "Gatterer, Florian"]
[Black "Ioannidis, Evgenios"]
[WhiteFideId "811688"]
[BlackFideId "4229274"]
[WhiteElo "2221"]
[BlackElo "2386"]
[Result "0-1"]
[Round "01"]
[TimeControl "180+2"]
[Date "2023.05.23"]
[WhiteClock "0:00:00"]
[BlackClock "0:00:08"]

1. b3 e5 2. Bb2 Nc6 3. c4 Nf6 4. Nf3 e4 5. Nd4 Nxd4 6. Bxd4 d5 7. e3 c5 8. Bxf6 Qxf6 9. Nc3 d4 10. Nxe4 Qg6 11. Ng3 h5 12. Qb1 f5 13. Bd3 h4 14. Bxf5 Qf6 15. Bg6+ Kd8 16. Ne2 Bd6 17. O-O h3 18. g3 Re8 19. Be4 Kc7 20. Qd3 Rxe4 21. Qxe4 Bf5 22. Qf3 Rf8 23. Nf4 Kb8 24. Nd5 Qg6 25. Nf4 Qf6 26. Nd5 Qe6 27. Nf4 Qd7 28. Nd5 Bg4 29. Qe4 Bf3 30. Qd3 Qg4 31. Rfe1 Be4 32. Qe2 Bf3 33. Qd3 a6 34. e4 Be5 35. a3 Bg2 36. b4 Rf3 37. Qe2 d3 38. Ne3 Qxe4 39. Qd1 Bxa1 40. Qxa1 Rf6 41. bxc5 Qf3 42. Rf1 Bxf1 43. Qxf1 Qh5 44. Qxd3 Qxc5 45. Qd8+ Ka7 46. Qd3 Rd6 47. Qc3 Qd4 48. Qxd4+ Rxd4 49. Nf1 Rxc4 50. f4 Ra4 51. Kf2 Rxa3 52. Ke2 a5 53. Ne3 a4 54. Nf5 Rb3 55. Nxg7 a3 56. Ne6 a2 57. Nc5 Rb1 58. Nd7 a1=Q 59. Nb8 Re1+ 60. Kf3 Kxb8 61. Kg4 Qg7+ 62. Kxh3 Rg1 63. d3 Qg6 64. Kh4 Rg2 65. h3 Qxg3+ 0-1


[Site "https://www.chess.com"]

[Event "Titled Tuesday Blitz May 23 Early 2023"]
[White "Zemlyanskii, Ivan"]
[Black "Tarasova, Viktoriya"]
[WhiteFideId "24249971"]
[BlackFideId "4175840"]
[WhiteElo "2421"]
[BlackElo "2182"]
[Result "1-0"]
[Round "01"]
[TimeControl "180+2"]
[Date "2023.05.23"]
[WhiteClock "0:00:23"]
[BlackClock "0:00:00"]

1. d4 Nf6 2. c4 e6 3. Bf4 b6 4. Nc3 Bb7 5. e3 Bb4 6. Ne2 O-O 7. a3 Be7 8. d5 d6 9. e4 c6 10. Ng3 cxd5 11. cxd5 exd5 12. exd5 Re8 13. Be2 g6 14. O-O Nbd7 15. Bb5 a6 16. Bc6 Qc7 17. Bxb7 Qxb7 18. Re1 b5 19. Nge4 Nxe4 20. Nxe4 Qb6 21. Be3 Qb7 22. Qd4 Rad8 23. Bh6 f6 24. Bf4 Ne5 25. h4 Rc8 26. Qd2 Rc7 27. Bxe5 fxe5 28. h5 Kg7 29. Re3 Rec8 30. hxg6 hxg6 31. Rh3 g5 32. Nxg5 Rc2 33. Ne6+ Kf7 34. Rh7+ Ke8 35. Qd3 Rc1+ 36. Rxc1 Rxc1+ 37. Kh2 Qb6 38. Qg6+ Kd7 39. Qf7 1-0


[Site "https://www.chess.com"]

[Event "Titled Tuesday Blitz May 23 Early 2023"]
[White "Kovalevsky, Stanislav"]
[Black "Karthik Rajaa"]
[WhiteFideId "13508598"]
[BlackFideId "25035215"]
[WhiteElo "2174"]
[BlackElo "2215"]
[Result "0-1"]
[Round "01"]
[TimeControl "180+2"]
[Date "2023.05.23"]
[WhiteClock "0:01:38"]
[BlackClock "0:02:09"]

1. c4 Nf6 2. Nc3 c5 3. g3 g6 4. Bg2 Bg7 5. a3 O-O 6. b3 Nc6 7. Bb2 e6 8. e4 d5 9. exd5 exd5 10. Nxd5 Re8+ 11. Ne2 Nxd5 12. Bxg7 Kxg7 13. O-O Nf6 14. Re1 Bg4 15. f3 Bf5 16. Nf4 Qd4+ 17. Kh1 Rxe1+ 18. Qxe1 Re8 19. Qc1 g5 20. Nd5 Nxd5 21. cxd5 Qxd5 22. d4 Qxd4 23. Qxg5+ Bg6 24. h4 Qxa1+ 0-1


[Site "https://www.chess.com"]

[Event "Titled Tuesday Blitz May 23 Early 2023"]
[White "Wagner, Dennis"]
[Black "Mazurkiewicz, Michal"]
[WhiteFideId "24650684"]
[BlackFideId "1124943"]
[WhiteElo "2478"]
[BlackElo "2054"]
[Result "1-0"]
[Round "01"]
[TimeControl "180+2"]
[Date "2023.05.23"]
[WhiteClock "0:00:05"]
[BlackClock "0:00:00"]

1. e4 d6 2. d4 Nf6 3. Nc3 c6 4. f4 Qb6 5. e5 Nd5 6. Nxd5 cxd5 7. c3 Nc6 8. Nf3 Bg4 9. Bd3 e6 10. h3 Bxf3 11. Qxf3 g6 12. Qf2 Be7 13. Be3 O-O-O 14. O-O Kb8 15. b4 Rc8 16. a4 h5 17. a5 Qc7 18. Rfb1 Rhg8 19. Qa2 Nd8 20. Rb3 g5 21. b5 Qd7 22. Qf2 g4 23. hxg4 hxg4 24. Qg3 f5 25. exf6 Bxf6 26. Re1 Qg7 27. a6 b6 28. f5 e5 29. dxe5 dxe5 30. Bd4 Nf7 31. Rb2 Rc7 32. Bf2 Rxc3 33. Rc2 Rxc2 34. Bxc2 Rh8 35. Bb3 Qh6 36. Kf1 1-0


[Site "https://www.chess.com"]

[Event "Titled Tuesday Blitz May 23 Early 2023"]
[White "Mika, Tomasz"]
[Black "Mgeladze, Tamaz"]
[WhiteFideId "1132970"]
[BlackFideId "13601202"]
[WhiteElo "2179"]
[BlackElo "2288"]
[Result "0-1"]
[Round "01"]
[TimeControl "180+2"]
[Date "2023.05.23"]
[WhiteClock "0:00:00"]
[BlackClock "0:00:10"]

1. d4 Nf6 2. Bf4 g6 3. Nc3 Bg7 4. e4 d6 5. Qd2 O-O 6. Nf3 Bg4 7. O-O-O Nc6 8. Qe3 Nd7 9. d5 Nce5 10. Be2 Bxf3 11. gxf3 c6 12. Bh6 Bxh6 13. Qxh6 f6 14. h4 Nf7 15. Qe3 Rc8 16. Rdg1 cxd5 17. Nxd5 e6 18. Nf4 Qe7 19. Rg2 Nde5 20. Rhg1 Kh8 21. Qb3 Rfe8 22. Bb5 Nc6 23. Rxg6 Nd4 24. Qd3 Nxb5 25. Qxb5 Qc7 26. c3 hxg6 27. Nxg6+ Kh7 28. Qh5+ Nh6 29. Ne5 Rg8 30. Rg6 Rxg6 31. Qxg6+ Kh8 32. Qxh6+ Qh7 33. Qxf6+ Qg7 34. Nf7+ Kg8 35. Qxg7+ Kxg7 36. Nxd6 Rb8 37. Kd2 Kf6 38. f4 e5 39. Ke3 b6 40. Nc4 exf4+ 41. Kxf4 Rh8 42. Ke3 Rxh4 43. f3 Rh2 44. Nd2 Ke6 45. c4 a5 46. b3 Kd6 47. a3 Rh3 48. b4 a4 49. Kd4 Rh1 50. f4 Rd1 51. Kc3 Ra1 52. e5+ Ke6 53. Kd4 Rxa3 54. Ne4 Ra1 55. c5 bxc5+ 56. Nxc5+ Kf5 57. b5 a3 58. Kc3 Rc1+ 59. Kb3 Rxc5 0-1


[Site "https://www.chess.com"]

[Event "Titled Tuesday Blitz May 23 Early 2023"]
[White "Kushko, Dmitriy"]
[Black "Mazarini41"]
[WhiteFideId "14162261"]
[WhiteElo "2230"]
[BlackElo "2415"]
[Result "1-0"]
[Round "01"]
[TimeControl "180+2"]
[Date "2023.05.23"]
[WhiteClock "0:01:33"]
[BlackClock "0:00:58"]

1. Nf3 Nf6 2. g3 g6 3. Bg2 Bg7 4. d4 O-O 5. O-O d6 6. a4 Nc6 7. a5 a6 8. c4 e5 9. d5 Ne7 10. Nc3 Nd7 11. e4 f5 12. Ng5 Nf6 13. f4 h6 14. Ne6 Bxe6 15. dxe6 exf4 16. Bxf4 fxe4 17. Nxe4 Nxe4 18. Bxe4 Qc8 19. Qg4 Kh7 20. h4 Nf5 21. h5 Qxe6 22. hxg6+ Kh8 23. Rae1 Qxc4 24. Bxf5 Qc5+ 25. Be3 1-0


[Site "https://www.chess.com"]

[Event "Titled Tuesday Blitz May 23 Early 2023"]
[White "Rodriguez, Santiago"]
[Black "Goltsev, Dmitry"]
[WhiteFideId "3000591"]
[BlackFideId "24176710"]
[WhiteElo "2249"]
[BlackElo "2356"]
[Result "1-0"]
[Round "01"]
[TimeControl "180+2"]
[Date "2023.05.23"]
[WhiteClock "0:00:35"]
[BlackClock "0:01:46"]

1. d4 Nf6 2. Bg5 c5 3. d5 Qb6 4. Nc3 Qxb2 5. Bd2 Qb6 6. e4 d6 7. f4 e5 8. Nf3 exf4 9. Rb1 Qc7 10. Bxf4 a6 11. e5 dxe5 12. Bxe5 Bd6 13. Bxf6 gxf6 14. Bd3 Bg4 15. O-O Bxh2+ 16. Kh1 Be5 17. Ne4 Nd7 18. d6 Qc6 19. Nxe5 Nxe5 20. Nxf6+ Kf8 21. Nxg4 Rg8 22. Bf5 h5 23. Ne3 Rg3 24. Qxh5 Kg7 25. Qh7+ Kf8 26. Qh8+ Rg8 27. Qxe5 Re8 28. Qd5 Qa4 29. Rxb7 Rg7 30. Rxf7+ Rxf7 31. Qxf7+ Kxf7 32. Bd7+ Qf4 33. Rxf4+ Kg6 34. Bxe8+ Kg5 35. Rf5+ Kh4 36. d7 Kg3 37. d8=Q c4 38. Qg5# 1-0


[Site "https://www.chess.com"]

[Event "Titled Tuesday Blitz May 23 Early 2023"]
[White "Weetik, Vjacheslav"]
[Black "Golubev, Mikhail"]
[WhiteFideId "4153472"]
[BlackFideId "14100983"]
[WhiteElo "2469"]
[BlackElo "2374"]
[Result "1-0"]
[Round "01"]
[TimeControl "180+2"]
[Date "2023.05.23"]
[WhiteClock "0:00:06"]
[BlackClock "0:00:00"]

1. d4 Nf6 2. c4 g6 3. Nc3 Bg7 4. e4 d6 5. Nf3 O-O 6. Be2 e5 7. O-O Nc6 8. dxe5 dxe5 9. Bg5 Qxd1 10. Rfxd1 Bg4 11. h3 Bxf3 12. Bxf3 Nd4 13. Nd5 Nxd5 14. cxd5 f5 15. Rac1 Rf7 16. Kf1 Nxf3 17. gxf3 fxe4 18. fxe4 Bf8 19. Ke2 Bd6 20. Rc4 Raf8 21. Be3 a5 22. Rg1 b6 23. Rg2 Kg7 24. h4 h6 25. Rc1 Kh7 26. Rcg1 Rf6 27. Kd3 R8f7 28. Kc4 Rg7 29. Kb5 Rf3 30. Rg3 Rf6 31. Rc1 Rgf7 32. Rc6 Kg7 33. a4 Bf8 34. Rg1 Rxc6 35. Kxc6 Kf6 36. Rc1 Kg7 37. Kb7 Bd6 38. Kc6 Bf8 39. Rg1 Bb4 40. Rg2 Bf8 41. Bd2 Bd6 42. Bc3 Kh7 43. Bd2 Kg7 44. Rh2 Bf8 45. Be3 Bb4 46. h5 g5 47. Rh1 Bf8 48. Rc1 Bb4 49. Kb5 Bd6 50. Rc6 Rd7 51. b3 Kf7 52. Ka6 Ke7 53. Kb7 Kd8 54. Rc1 Rf7 55. Kc6 Rf6 56. Kb5 Kd7 57. Rc6 1-0


[Site "https://www.chess.com"]

[Event "Titled Tuesday Blitz May 23 Early 2023"]
[White "Vovk, Orest"]
[Black "Volkov, Maksim"]
[WhiteFideId "14113490"]
[BlackFideId "54123070"]
[WhiteElo "2215"]
[BlackElo "2297"]
[Result "1-0"]
[Round "01"]
[TimeControl "180+2"]
[Date "2023.05.23"]
[WhiteClock "0:00:07"]
[BlackClock "0:00:00"]

1. h4 d5 2. h5 h6 3. e4 dxe4 4. Nc3 Nf6 5. Qe2 Nc6 6. Nxe4 e5 7. Nxf6+ Qxf6 8. Qf3 Qxf3 9. Nxf3 e4 10. Nh4 Bc5 11. c3 Bg4 12. d4 exd3 13. Bxd3 O-O-O 14. Bf5+ Bxf5 15. Nxf5 Rhe8+ 16. Be3 Bxe3 17. Nxe3 Ne5 18. O-O Rd2 19. b3 Red8 20. Rfd1 b5 21. Rxd2 Rxd2 22. Nf5 Nd3 23. Rf1 Nf4 24. Nxg7 Rd5 25. g3 Rg5 26. Ne8 Nxh5 27. Re1 Kd7 28. Kh2 Rg6 29. Re5 Rg5 30. Re4 f5 31. Re5 f4 32. Re1 fxg3+ 33. fxg3 Nxg3 34. Nf6+ Kc6 35. Re6+ Kb7 36. Nh7 Rg7 37. Rxh6 Ne4 38. c4 bxc4 39. bxc4 Rf7 40. Rh4 Nd6 41. Ng5 Rf2+ 42. Kg1 Rxa2 43. c5 Nb5 44. Ne6 a5 45. Nd8+ Kc8 46. Rh8 a4 47. c6 Kb8 48. Nb7+ Ka7 49. Na5 Kb6 50. Nc4+ Kxc6 51. Ne5+ Kb7 52. Rh7 a3 53. Nc4 Rc2 54. Nxa3 Nxa3 55. Rh3 Nb5 56. Rb3 Kb6 57. Rb1 c5 58. Re1 Nd4 59. Re8 c4 60. Rb8+ Kc5 61. Rd8 Nc6 62. Rc8 c3 63. Rf8 Rd2 64. Rf5+ 1-0


[Site "https://www.chess.com"]

[Event "Titled Tuesday Blitz May 23 Early 2023"]
[White "Dimitrov, Atanas"]
[Black "Petrova, Irina"]
[WhiteFideId "2901315"]
[BlackFideId "14124122"]
[WhiteElo "2713"]
[BlackElo "2084"]
[Result "1-0"]
[Round "01"]
[TimeControl "180+2"]
[Date "2023.05.23"]
[WhiteClock "0:01:06"]
[BlackClock "0:01:10"]

1. Nf3 d6 2. c4 e5 3. Nc3 Nc6 4. e3 f5 5. b3 Nf6 6. Bb2 g6 7. d3 Bg7 8. Be2 O-O 9. O-O h6 10. a3 Be6 11. b4 Qd7 12. d4 exd4 13. exd4 d5 14. b5 Na5 15. Ne5 Qd8 16. Nxg6 Re8 17. c5 Nc4 18. Bxc4 dxc4 19. Nf4 Bf7 20. a4 Ne4 21. Nxe4 Rxe4 22. Nh5 Bxd4 23. Bxd4 Qxd4 24. Qf3 Rg4 25. Qxf5 Rg5 26. Qf6 Qg4 27. Ng3 Rf8 28. Qxh6 Rxc5 29. Rac1 c3 30. Qe3 b6 31. Ne4 Rh5 32. Nf6+ 1-0


[Site "https://www.chess.com"]

[Event "Titled Tuesday Blitz May 23 Early 2023"]
[White "Dwilewicz, Katarzyna"]
[Black "Shuvalova, Polina"]
[WhiteFideId "1148486"]
[BlackFideId "24171760"]
[WhiteElo "2065"]
[BlackElo "2281"]
[Result "0-1"]
[Round "01"]
[TimeControl "180+2"]
[Date "2023.05.23"]
[WhiteClock "0:00:00"]
[BlackClock "0:00:21"]

1. Nf3 b6 2. g3 Bb7 3. Bg2 c5 4. O-O g6 5. c3 Bg7 6. d4 d6 7. Re1 Nf6 8. Nbd2 cxd4 9. cxd4 Nc6 10. e4 O-O 11. Nc4 Nxe4 12. Rxe4 d5 13. Re1 dxc4 14. Ne5 Rc8 15. Bg5 Nxe5 16. Bxb7 Rc7 17. Bg2 Nd3 18. Re4 Nxb2 19. Qe2 c3 20. Bxe7 Rxe7 21. Rxe7 Bxd4 22. Rxa7 Qf6 23. Re1 Nd3 24. Rf1 Nc5 25. Rc7 Rd8 26. Rc6 Rd6 27. Qe8+ Kg7 28. Rc8 Ne6 29. Qh8+ Kh6 30. Qxf6 Bxf6 31. Rc1 Nd4 32. Kf1 c2 33. Be4 b5 34. Bxc2 Ra6 35. Bb3 Nxb3 36. axb3 Ra3 37. R8c6 Kg7 38. Rb1 b4 39. Rc2 Bc3 40. Ke2 Ra6 41. Kd3 Rd6+ 42. Kc4 Rc6+ 43. Kb5 Rf6 44. Rd1 h5 45. Rd7 Be1 46. f4 h4 47. Rd3 h3 48. g4 Rxf4 49. Rxh3 Rxg4 50. Rf3 f5 51. h3 Rh4 52. Re2 Bc3 53. Re6 Kf7 54. Rc6 f4 55. Rd3 Rh5+ 56. Ka6 Kg7 57. Rd7+ Kh6 58. Rdd6 Rg5 59. h4 Rg4 60. Kb5 Kh5 61. Rd5+ Kxh4 62. Rdd6 g5 0-1


[Site "https://www.chess.com"]

[Event "Titled Tuesday Blitz May 23 Early 2023"]
[White "carokannlover213"]
[Black "Sargissyan, Sargis"]
[BlackFideId "13303210"]
[WhiteElo "2712"]
[BlackElo "2109"]
[Result "1/2-1/2"]
[Round "01"]
[TimeControl "180+2"]
[Date "2023.05.23"]
[WhiteClock "0:00:03"]
[BlackClock "0:00:07"]

1. e4 c5 2. Nf3 d6 3. d4 cxd4 4. Nxd4 Nf6 5. Nc3 a6 6. Be3 e5 7. Nb3 Be7 8. h3 O-O 9. g4 Be6 10. Qd2 d5 11. exd5 Nxd5 12. Nxd5 Qxd5 13. Qxd5 Bxd5 14. Rg1 Nc6 15. O-O-O Bf3 16. Re1 Rac8 17. c3 Rfd8 18. Nd2 Bd5 19. Kb1 b5 20. c4 bxc4 21. Bxc4 Bb4 22. Bxd5 Rxd5 23. Re2 Nd4 24. Bxd4 exd4 25. Nf3 d3 26. Re5 Rd6 27. Rd1 f6 28. Re4 Bc5 29. Rc4 Rc7 30. Rc3 Bb6 31. Rxc7 Bxc7 32. Ne1 d2 33. Nf3 Bb6 34. Rxd2 Rxd2 35. Nxd2 Bxf2 36. Ne4 Be3 37. Kc2 Kf7 38. Kd3 Bg1 39. Nd6+ Ke6 40. Nc4 g6 41. Ke4 f5+ 42. gxf5+ gxf5+ 43. Kf3 Kd5 44. Nd2 Kd4 45. Kg2 Be3 46. Nf1 Bg5 47. Ng3 f4 48. Nf1 Ke4 49. Nd2+ Ke3 50. Nf3 Bf6 51. b4 Bc3 52. a3 Bf6 53. a4 Bd8 54. b5 axb5 55. axb5 Bb6 56. h4 h5 57. Ng5 Bd8 58. Nf3 Bc7 59. Ne1 Ke2 60. Nf3 Bb6 61. Ne5 Bc7 62. Nf3 Bb6 63. Ng5 Bd4 64. Nf3 Bc5 65. Ng5 Be7 66. Nf3 Bd8 67. Nd4+ Kd3 68. Ne6 Bxh4 69. Nxf4+ Kc4 70. b6 Bd8 71. b7 Bc7 72. Ne6 Bb8 73. Nd8 Kb5 74. Kh3 Ka6 75. Kh4 Bc7 76. Kxh5 Ka7 77. Nc6+ Kxb7 1/2-1/2


[Site "https://www.chess.com"]

[Event "Titled Tuesday Blitz May 23 Early 2023"]
[White "Szyszylo, Rafal"]
[Black "Samunenkov, Ihor"]
[WhiteFideId "1109626"]
[BlackFideId "14187086"]
[WhiteElo "1951"]
[BlackElo "2457"]
[Result "0-1"]
[Round "01"]
[TimeControl "180+2"]
[Date "2023.05.23"]
[WhiteClock "0:00:04"]
[BlackClock "0:00:39"]

1. e4 c5 2. Nc3 Nc6 3. Bb5 Nd4 4. Nf3 e6 5. O-O a6 6. Bd3 Nc6 7. Re1 d6 8. b3 Nf6 9. Bb2 Nd7 10. a4 Be7 11. Bc4 Nde5 12. Bf1 O-O 13. Nxe5 dxe5 14. Bc4 b6 15. Ne2 Bg5 16. d3 Rb8 17. Ba3 b5 18. axb5 axb5 19. Bxc5 Be7 20. Bxe7 Qxe7 21. Bxb5 Rxb5 22. Nc3 Rb8 23. Na4 Bd7 24. Qd2 Rfc8 25. Rec1 Nd4 26. Qd1 Qg5 27. Kf1 Rc7 28. f3 Rbc8 29. c3 Bxa4 30. bxa4 Rxc3 31. Rxc3 Rxc3 32. a5 Rc2 33. Qxc2 Nxc2 34. Rb1 h5 35. a6 Qd2 36. a7 Ne3+ 37. Kg1 Qxg2# 0-1


[Site "https://www.chess.com"]

[Event "Titled Tuesday Blitz May 23 Early 2023"]
[White "Papasimakopoulos, Alexandros"]
[Black "Jakubowska, Anna"]
[WhiteFideId "4244125"]
[BlackFideId "1121952"]
[WhiteElo "2359"]
[BlackElo "2001"]
[Result "1-0"]
[Round "01"]
[TimeControl "180+2"]
[Date "2023.05.23"]
[WhiteClock "0:00:06"]
[BlackClock "0:00:04"]

1. d4 d5 2. c4 c6 3. cxd5 cxd5 4. Bf4 Nf6 5. Nc3 e6 6. e3 Be7 7. Bd3 O-O 8. h3 a6 9. Nf3 Nc6 10. O-O b5 11. Rc1 Bb7 12. Qe2 Rc8 13. Ne5 Nxe5 14. Bxe5 Nd7 15. Bg3 Nb6 16. Bb1 Qd7 17. Rc2 b4 18. Nd1 Rxc2 19. Qxc2 g6 20. b3 Rc8 21. Qd2 a5 22. Nb2 Ba6 23. Bd3 Qb7 24. Rc1 Bd8 25. Bd6 Nd7 26. Rxc8 Qxc8 27. Kf1 f5 28. Ke1 Kf7 29. Bh2 Nf6 30. Bxa6 Qxa6 31. f3 Qc6 32. Kd1 Nd7 33. Qc2 Qxc2+ 34. Kxc2 Ke7 35. Nd3 Bb6 36. Bg3 h5 37. Bf4 Kd8 38. Bg5+ Ke8 39. Nf4 Nf8 40. Bh6 Bc7 41. Bxf8 Bxf4 42. Bxb4 Bxe3 43. Bxa5 Bxd4 44. f4 Kd7 45. Kd3 e5 46. fxe5 Bxe5 47. Bd2 f4 48. a4 g5 49. b4 g4 50. h4 f3 51. gxf3 gxf3 52. Be1 Bd6 53. Ke3 Kc6 54. Kxf3 Be7 55. Ke3 Bf6 56. Kd3 Kb7 57. Bf2 d4 58. Kc4 Kb6 59. Bxd4+ 1-0


[Site "https://www.chess.com"]

[Event "Titled Tuesday Blitz May 23 Early 2023"]
[White "Mogirzan, Matei-Valeriu"]
[Black "Vakhlamov, Igor L."]
[WhiteFideId "1257455"]
[BlackFideId "24126748"]
[WhiteElo "1733"]
[BlackElo "2407"]
[Result "0-1"]
[Round "01"]
[TimeControl "180+2"]
[Date "2023.05.23"]
[WhiteClock "0:00:04"]
[BlackClock "0:00:11"]

1. e4 c5 2. Nf3 e6 3. d4 cxd4 4. Nxd4 Nf6 5. Nc3 Nc6 6. f4 Bb4 7. e5 Nd5 8. Qd3 O-O 9. a3 Bxc3+ 10. bxc3 Qa5 11. Bd2 Qa4 12. Be2 b6 13. O-O Bb7 14. Nb3 Rac8 15. Qg3 Nce7 16. Nd4 Ba6 17. Bd3 Bxd3 18. Qxd3 Qc4 19. Nb5 Nf5 20. g4 Nh4 21. Nd6 Qxd3 22. cxd3 Rc7 23. c4 Ne7 24. Bb4 Nc6 25. Nb5 Nxb4 26. Nxc7 Nxd3 27. Rad1 Nc5 28. f5 h5 29. fxe6 dxe6 30. gxh5 Nf5 31. Nb5 Ne3 32. Rfe1 Nxd1 33. Rxd1 a6 34. Nc3 Rc8 35. Rd6 Rb8 36. a4 Kh7 37. Kg2 Kh6 38. Kg3 Kxh5 39. Rc6 Rb7 40. Rc8 Kg6 41. h4 Nd7 42. Kf4 f6 43. exf6 gxf6 44. Rh8 e5+ 45. Ke4 Nc5+ 46. Kd5 Rc7 47. Kd6 Rh7 48. Rg8+ Kf5 49. Kc6 Rxh4 50. Kxb6 Rxc4 51. Nd5 Nxa4+ 52. Kxa6 Rd4 53. Ne3+ Ke4 54. Ng4 f5 55. Nf6+ Kf3 56. Kb5 Nc3+ 57. Kc5 Ne4+ 58. Nxe4 Kxe4 59. Rg1 f4 60. Kb6 f3 61. Kb7 f2 62. Rb1 Kf3 63. Rc1 Kg2 64. Rb1 f1=Q 65. Rb6 Qf7+ 66. Ka8 Rd8+ 0-1


[Site "https://www.chess.com"]

[Event "Titled Tuesday Blitz May 23 Early 2023"]
[White "Artemenko, Oleg"]
[Black "GMFYHR1"]
[WhiteFideId "14201798"]
[WhiteElo "2287"]
[BlackElo "2402"]
[Result "1-0"]
[Round "01"]
[TimeControl "180+2"]
[Date "2023.05.23"]
[WhiteClock "0:00:31"]
[BlackClock "0:00:37"]

1. d4 Nf6 2. c4 e6 3. Nc3 Bb4 4. e3 O-O 5. Bd2 d5 6. Nf3 c5 7. a3 Bxc3 8. Bxc3 Nc6 9. dxc5 Ne4 10. Rc1 Nxc3 11. Rxc3 a5 12. cxd5 exd5 13. Nd4 a4 14. Be2 Ra5 15. O-O Qe7 16. Bf3 Rxc5 17. Rxc5 Qxc5 18. Qxa4 Ne5 19. Be2 Bd7 20. Bb5 Bg4 21. h3 Bh5 22. f4 Nc6 23. Bxc6 bxc6 24. g4 Qe7 25. Qb3 Qh4 26. Kg2 Bxg4 27. hxg4 Qxg4+ 28. Kf2 c5 29. Nf3 c4 30. Qc3 Re8 31. Rg1 1-0


[Site "https://www.chess.com"]

[Event "Titled Tuesday Blitz May 23 Early 2023"]
[White "Bogaudinov, Rushan"]
[Black "Nazari, Arad"]
[WhiteFideId "4129288"]
[BlackFideId "12577324"]
[WhiteElo "1941"]
[BlackElo "2175"]
[Result "0-1"]
[Round "01"]
[TimeControl "180+2"]
[Date "2023.05.23"]
[WhiteClock "0:00:15"]
[BlackClock "0:00:06"]

1. e4 c5 2. Nf3 d6 3. d4 cxd4 4. Nxd4 Nf6 5. Nc3 a6 6. h3 e5 7. Nde2 Be6 8. g4 d5 9. exd5 Nxd5 10. Bg2 Nxc3 11. Qxd8+ Kxd8 12. Nxc3 Nc6 13. Be3 Kc7 14. Nd5+ Bxd5 15. Bxd5 f6 16. O-O-O Be7 17. Be4 g6 18. h4 Rhf8 19. h5 f5 20. Bf3 e4 21. Bf4+ Kb6 22. Be2 Bc5 23. gxf5 Rxf5 24. Be3 g5 25. Bg4 Re5 26. Rd7 h6 27. Rhd1 Rf8 28. Rh7 Rf6 29. Rdd7 Bxe3+ 30. fxe3 Rf1+ 31. Kd2 Rf2+ 32. Kc1 Rc5 33. c3 Ne5 34. Rxb7+ Kc6 35. Rbc7+ Kb6 36. Rxc5 Kxc5 37. Bc8 Nd3+ 38. Kd1 Nxb2+ 39. Kc1 Nd3+ 40. Kd1 Rxa2 41. Rxh6 a5 42. Rg6 a4 43. h6 a3 44. Rxg5+ Kd6 45. h7 Rh2 46. Ra5 Rxh7 47. Rxa3 Kc5 48. Bf5 Rh1+ 49. Kd2 Rh2+ 50. Kd1 Kc4 51. Ra4+ Kxc3 52. Bxe4 Nb2+ 53. Ke1 Nxa4 54. Bf3 Nc5 55. e4 Nd3+ 56. Kd1 Rd2# 0-1


[Site "https://www.chess.com"]

[Event "Titled Tuesday Blitz May 23 Early 2023"]
[White "Mikhailovsky, Vladimir"]
[Black "Ziatdinov, Raset"]
[WhiteFideId "34105414"]
[BlackFideId "2015323"]
[WhiteElo "2271"]
[BlackElo "2220"]
[Result "1/2-1/2"]
[Round "01"]
[TimeControl "180+2"]
[Date "2023.05.23"]
[WhiteClock "0:00:34"]
[BlackClock "0:00:29"]

1. e4 e6 2. Qe2 c5 3. Nf3 Nc6 4. g3 Nge7 5. Bg2 g6 6. O-O Bg7 7. c3 O-O 8. d4 cxd4 9. cxd4 d5 10. e5 Bd7 11. Nc3 Rc8 12. Rd1 a6 13. Na4 Nxe5 14. Nc5 Nxf3+ 15. Bxf3 Bb5 16. Qe1 b6 17. Nb3 Nf5 18. Be3 Nxe3 19. Qxe3 Qf6 20. Be2 Bc4 21. Rac1 Rc7 22. Nd2 Rfc8 23. Nxc4 dxc4 24. Rc2 b5 25. a4 Rd8 26. axb5 axb5 27. b3 Rxd4 28. Rdc1 Qd8 29. bxc4 bxc4 30. Rxc4 Rdxc4 31. Rxc4 Rxc4 32. Bxc4 Qd1+ 33. Bf1 Qa1 34. Kg2 h5 35. h4 Qa8+ 36. Qf3 Qxf3+ 37. Kxf3 f5 38. Bc4 Kf7 39. Ke3 Kf6 40. f4 Bh6 41. Kf3 e5 42. fxe5+ Kxe5 43. Bf7 Kf6 44. Be8 Bf8 45. Kf2 Bc5+ 46. Kf3 Bb4 47. Kg2 Bc3 48. Kf3 Kg7 49. Kg2 Kh6 50. Kf3 g5 51. hxg5+ Kxg5 52. Bd7 Be5 53. Be8 h4 54. gxh4+ Kxh4 55. Bd7 Kg5 56. Bxf5 1/2-1/2


[Site "https://www.chess.com"]